 Dungeon Crawl Stone Soup version 0.28-a0-1130-gc51a68064b (webtiles) character file.

Game seed: 4148629942359238270

1358 ytrimaz the Chopper (level 8, -14/57 (65) HPs)
             Began as a Formicid Fighter on Dec 13, 2021.
             Was an Initiate of Ru.
             Demolished by a wight (18 damage)
             ... on level 7 of the Dungeon.
             The game lasted 00:07:25 (7599 turns).

ytrimaz the Chopper (Formicid Fighter)              Turns: 7599, Time: 00:07:26

HP:   -14/57 (65)   AC: 11    Str: 23    XL:     8   Next: 96%
MP:   8/8           EV: 10    Int: 10    God:    Ru [......]
Gold: 277           SH:  5    Dex: 10    Spells: 7/7 levels left

rFire   + . .      SeeInvis +   a - +1 war axe
rCold   + . .      Faith    .   c - +0 buckler
rNeg    . . .      Spirit   .   j - +4 ring mail
rPois   .          Reflect  .   (helmet unavailable)
rElec   .          Harm     .   (no cloak)
rCorr   .          Rampage  .   (no gloves)
Will    .....      Clarity  +   n - +0 pair of boots
Stlth   ..........              (no amulet)
HPRegen 0.19/turn               m - ring of protection from cold
MPRegen 0.11/turn               s - ring of protection from fire

@: heavily drained
A: permanent stasis, dig shafts and tunnels, antennae 3, four strong arms,
clarity, clever 1
a: Dig, Shaft Self, Renounce Religion


You were on level 7 of the Dungeon.
You worshipped Ru.
Ru was noncommittal.
You visited 2 branches of the dungeon, and saw 8 of its levels.

You collected 277 gold pieces.

Inventory:

Hand Weapons
 a - a +1 war axe (weapon)
Armour
 c - a +0 buckler (worn)
 j - a +4 ring mail (worn)
 n - a +0 pair of boots (worn)
Jewellery
 b - a ring of ice
 m - a ring of protection from cold (left hand)
 o - a ring of wizardry
 q - a ring of fire
 r - a ring of ice
 s - a ring of protection from fire (right hand)
Wands
 p - a wand of polymorph (10)
Potions
 d - a potion of might
 e - a potion of brilliance {unknown}
 f - a potion of berserk rage {unknown}
 g - 3 potions of curing
 h - 4 potions of attraction
 i - 3 potions of flight {unknown}
 k - 2 potions of heal wounds {unknown}
 l - 2 potions of resistance {unknown}


   Skills:
 * Level 6.4 Fighting
 + Level 6.6 Axes
 * Level 6.2 Armour
 * Level 6.0 Shields


You had 7 spell levels left.
You didn't know any spells.
Your spell library contained the following spells:

 Spells                   Type           Power      Damage    Failure   Level
 Freeze                   Ice            0%         1d3       50%         1
 Sandblast                Erth           0%         2d4       50%         1
 Passwall                 Tmut/Erth      0%         N/A       65%         2
 Frozen Ramparts          Ice            0%         1d2       86%         3
 Ignite Poison            Fire/Tmut/Pois 0%         N/A       86%         3
 Mephitic Cloud           Conj/Pois/Air  0%         N/A       86%         3
 Stone Arrow              Conj/Erth      0%         3d7       86%         3
 Hailstorm                Conj/Ice       0%         3d3       99%         4
 Freezing Cloud           Conj/Ice/Air   0%         6-21      100%        5


Dungeon Overview and Level Annotations

Branches:
Dungeon (7/15)             Temple (1/1) D:6

Altars:
Ashenzari
Cheibriados
Dithmenos
Elyvilon
Fedhas
Gozag
Hepliaklqana
Kikubaaqudgha
Makhleb
Nemelex Xobeh
Okawaru
Qazlal
Ru
Sif Muna
Trog
Uskayaw
Vehumet
Wu Jian
Xom
Yredelemnul
Zin
The Shining One

Shops:
D:1 (   D:5 *


Innate Abilities, Weirdness & Mutations

You cannot be hasted, slowed, berserked, paralysed or teleported.
You can dig through walls and to a lower floor.
You have a pair of large antennae on your head. (SInv)
Your four strong arms can wield two-handed weapons with a shield.
You possess an exceptional clarity of mind.
Your mind is acute. (Int +2)


Message History

The wight hits you with a +0 trident.
You feel drained.
You barely miss the wight.
The wight is lightly damaged.
The wight barely misses you.
You slash the wight!
You destroy the wight!
Things that are here:
a +0 trident; a +0 robe You start resting.
HP restored.
There is a stone staircase leading down here.
You climb downwards.
The wight closely misses you.
The wight hits you with a +2 great sword!
You feel drained.
There is a stone staircase leading up here.
You slice the wight!!
You destroy the wight!
You hit the wight but do no damage.
The wight hits you with a +2 great sword!
Your Shields skill increases to level 6!
Things that are here:
a +0 flail; a +0 robe Unknown command.
You hit the wight but do no damage.
The wight hits you with a +2 great sword!
You hit the wight.
The wight is moderately damaged.
The wight hits you with a +2 great sword!
* * * LOW HITPOINT WARNING * * *
You feel drained.
* * * LOW HITPOINT WARNING * * *
You hit the wight but do no damage.
The wight is moderately damaged.
The wight hits you with a +2 great sword!
* * * LOW HITPOINT WARNING * * *
You feel drained.
You hit the wight.
The wight is heavily damaged.
The wight hits you with a +2 great sword!!
You die...

#.#
#.#...zz.
#z#
#.#######
##### #.#
#.#
#...###.#
#.# ###
#.......#
#.# #..
#...#####
#.# ##.##
#.. #.#
#@# ..
#z# #.##
#.# #.#
#.# #.#
#.# #.#
#.#


You could see a wight.

Vanquished Creatures
  A water moccasin (D:5)
  Duvessa (D:7)
  3 ice beasts
  A phantom (D:5)
  3 scorpions
  Dowan (D:7)
  2 wights
  A howler monkey (D:5)
  A bullfrog skeleton (D:7)
  2 hounds (D:5)
  2 orc priests (D:4)
  2 iguanas
  3 orc wizards
  A killer bee zombie (D:3)
  Robin (D:3)
  4 adders
  A gnoll (D:2)
  A howler monkey skeleton (D:5)
  2 ufetubi
  3 dart slugs
  6 orcs
  9 ball pythons
  2 bats
  3 endoplasms
  2 giant cockroaches
  17 goblins
  7 hobgoblins
  6 jackals (D:2)
  4 quokkas
  2 frilled lizards
  6 kobolds
  3 rats
103 creatures vanquished.

Notes
Turn   | Place    | Note
-------+----------+-------------------------------------------
     0 | D:1      | ytrimaz the Formicid Fighter began the quest for the Orb.
     0 | D:1      | Reached XP level 1. HP: 18/18 MP: 1/1
   275 | D:1      | Reached XP level 2. HP: 18/24 MP: 2/2
   904 | D:1      | Reached XP level 3. HP: 28/29 MP: 3/3
   951 | D:1      | Found Xaceahom's Antique Weapon Shop.
  2022 | D:2      | Reached XP level 4. HP: 24/37 MP: 4/4
  2532 | D:2      | Gained mutation: Your spells are a little harder to cast,
                  | but a little more powerful. [potion of mutation]
  2532 | D:2      | Gained mutation: You sometimes lose the ability to read
                  | scrolls when taking damage. [potion of mutation]
  2532 | D:2      | Gained mutation: You expend magic power (3 MP) to
                  | strengthen your wands. [potion of mutation]
  2539 | D:2      | Lost mutation: Your spells are a little harder to cast, but
                  | a little more powerful. [potion of mutation]
  2539 | D:2      | Gained mutation: Your mind is acute. (Int +2) [potion of
                  | mutation]
  2539 | D:2      | Gained mutation: You possess an exceptional clarity of
                  | mind. [potion of mutation]
  2540 | D:2      | Lost mutation: You sometimes lose the ability to read
                  | scrolls when taking damage. [potion of mutation]
  2540 | D:2      | Lost mutation: You possess an exceptional clarity of mind.
                  | [potion of mutation]
  2540 | D:2      | Lost mutation: You expend magic power (3 MP) to strengthen
                  | your wands. [potion of mutation]
  2540 | D:2      | Gained mutation: You possess an exceptional clarity of
                  | mind. [potion of mutation]
  3133 | D:3      | Reached XP level 5. HP: 21/42 MP: 5/5
  3372 | D:3      | Found a faded altar of an unknown god.
  3565 | D:3      | Noticed Robin
  3583 | D:3      | Killed Robin
  4097 | D:4      | Identified the +3 leather armour of Patience {Drain SInv
                  | Stlth+}
  4157 | D:4      | Reached XP level 6. HP: 25/49 MP: 6/6
  5144 | D:5      | Entered Level 5 of the Dungeon
  5145 | D:5      | Noticed a water moccasin
  5154 | D:5      | Reached XP level 7. HP: 37/55 MP: 7/7
  5160 | D:5      | Killed a water moccasin
  5161 | D:5      | Reached skill level 5 in Armour
  5161 | D:5      | Reached skill level 5 in Shields
  5510 | D:5      | Found Goat's Fire Supplies.
  5523 | D:5      | Reached skill level 5 in Axes
  5572 | D:5      | Reached skill level 5 in Fighting
  5770 | D:5      | Reached XP level 8. HP: 62/62 MP: 8/8
  6261 | D:6      | Found a staircase to the Ecumenical Temple.
  6314 | D:6      | Found an iron altar of Okawaru.
  6531 | Temple   | Entered the Ecumenical Temple
  6845 | Temple   | Became a worshipper of Ru the Awakened
  6922 | D:7      | Noticed Duvessa
  6923 | D:7      | Noticed Dowan
  6940 | D:7      | Killed Duvessa
  6947 | D:7      | Killed Dowan
  7599 | D:7      | Demolished by a wight

Illustrated notes

Levels and vault maps discovered:
D:1:      dpeg_arrival_boxes_within_box, layout_loops_corners, serial_shops,
          nicolae_shop_hallway_stairs
D:2:      layout_loops_corners
D:3:      layout_basic, basic_ecumenical_altar, uniq_robin
D:4:      layout_basic
D:5:      layout_rooms, nicolae_shop_fire_sale [nicolae_sub_dead_trees]
D:6:      layout_cave_pools, okawaru_trees_1, minmay_temple_entry_waves,
          minmay_misc_feat_doors, hangedman_decor_growths,
          kennysheep_minor_cross, due_unseen_surprise
D:7:      layout_loops_ring, uniq_prince_ribbit1, uniq_duvessa
Temple:   mainiacjoe_temple_circle_huts

Skill      XL: |  1  2  3  4  5  6  7  8 |
---------------+-------------------------+-----
Shields        | 4 5 6 |  6.0
Armour         | 4 5 6 |  6.2
Axes           | 3 4 5 6 |  6.6
Fighting       | 4 5 6 |  6.4

Action                   |  1- 3 |  4- 6 |  7- 9 || total
-------------------------+-------+-------+-------++-------
Melee: War axe           |    91 |   136 |   147 ||   374
 Abil: Dig               |       |       |     1 ||     1
  Use: Scroll            |     1 |     7 |     1 ||     9
       Potion            |       |     4 |       ||     4
Armor: Scale mail        |    35 |     3 |       ||    38
       Ring mail         |       |    57 |    63 ||   120
Dodge: Dodged            |    48 |   106 |    79 ||   233
Block: Buckler           |    27 |    39 |    32 ||    98

Table legend: (Time is in decaauts)
 A = Elapsed time spent in this place.
 B = Non-inter-level travel time spent in this place.
 C = Inter-level travel time spent in this place.
 D = Time resting spent in this place.
 E = Time spent auto-exploring this place.
 F = Levels seen in this place.
 G = Mean time per level.
                   A        B        C        D        E       F      G
               +--------+--------+--------+--------+--------+-----+--------+
         Total |   7710 |   7445 |    265 |   1589 |   4682 |   8 |  963.8 |
       Dungeon |   7383 |   7157 |    226 |   1589 |   4417 |   7 | 1054.7 |
        Temple |    326 |    287 |     39 |      0 |    265 |   1 |  326.0 |
               +--------+--------+--------+--------+--------+-----+--------+

Top non-repeatable levels by time:
     D:1: 1580 daAuts
     D:2: 1449 daAuts
     D:4: 1126 daAuts
     D:3: 1067 daAuts
     D:6: 951 daAuts
     D:5: 850 daAuts
     D:7: 359 daAuts
  Temple: 326 daAuts
